 Dungeon Crawl Stone Soup version 0.29-a0-72-g1732ff48e7 (webtiles) character file.

Game seed: 12408337766062679597

0 Hubjo the Vexing (level 1, -1/10 HPs)
             Began as a Vampire Enchanter on Feb 3, 2022.
             Slain by a goblin (2 damage)
             ... on level 1 of the Dungeon.
             The game lasted 00:00:16 (63 turns).

Hubjo the Vexing (Vampire Enchanter)                  Turns: 63, Time: 00:00:17

Health: -1/10      AC:  2    Str:  7    XL:     1   Next: 8%
Magic:  3/3        EV: 12    Int: 17    God:
Gold:   0          SH:  0    Dex: 14    Spells: 4/4 levels left

rFire   . . .      SeeInvis +   a - +1 dagger
rCold   + + .      Faith    .   (no shield)
rNeg    + + +      Spirit   .   b - +0 robe
rPois   ∞          Reflect  .   (no helmet)
rElec   .          Harm     .   (no cloak)
rCorr   .          Rampage  .   (no gloves)
Will    .....                   (no boots)
Stlth   +++++.....              (no amulet)
HPRegen 0.00/turn               (no ring)
MPRegen 0.08/turn               (no ring)

@: bloodless, inhibited regen
A: bloodless, fangs 3, see invisible, vampiric 1
a: Revivify


You were on level 1 of the Dungeon.
You visited 1 branch of the dungeon, and saw 1 of its levels.

Inventory:

Hand Weapons
 a - a +1 dagger (weapon)
Missiles
 d - 5 poisoned darts (quivered)
Armour
 b - a +0 robe (worn)
Potions
 c - a potion of invisibility


   Skills:
 * Level 0.0 Fighting
 + Level 1.1 Short Blades
 + Level 2.2 Dodging
 * Level 4.4 Stealth
 - Level 2.0 Spellcasting
 + Level 4.4 Hexes


You had 4 spell levels left.
You didn't know any spells.
Your spell library contained the following spells:

 Spells                   Type           Power      Damage    Failure   Level
 Confusing Touch          Hex            16%        N/A       10%         3
 Tukima's Dance           Hex            16%        N/A       10%         3
 Ensorcelled Hibernation  Hex/Ice        18%        N/A       12%         2
 Dazzling Flash           Conj/Hex       18%        N/A       24%         3


Dungeon Overview and Level Annotations

Branches:
Dungeon (1/15)

Altars:


Innate Abilities, Weirdness & Mutations

You do not regenerate when monsters are visible.
You are frail without blood (-20% HP).
You can heal yourself when you bite living creatures.
You are immune to poison.
You have razor-sharp teeth.
You have supernaturally acute eyesight. (SInv)
You are afflicted with vampirism.


Message History

Welcome, Hubjo the Vampire Enchanter.
Will you be the one to retrieve the glorious Orb of Zot from the depths?
Press ? for a list of commands and other information.
Found a staircase leading out of the dungeon.
You begin bloodletting.
You continue bloodletting. x5
HP restored.
You become bloodless.
Found an escape hatch in the floor.
You enter the shallow water.
Moving in this stuff is going to be slow.
You open the door.
There is an open door here.
Found 5 poisoned darts.
You see here 5 poisoned darts.
d - 5 poisoned darts
Found a stone staircase leading down.
A kobold comes into view. It is wielding a +0 dagger.
A goblin comes into view. It is wielding a +0 dagger.
There is a stone staircase leading down here.
The helpless kobold fails to defend itself.
You bite the kobold, and draw its blood!
You impale the kobold!!
You kill the kobold!
Things that are here:
a +0 dagger; 5 stones You closely miss the goblin.
The goblin hits you with a +0 dagger.
You hit the goblin.
The goblin is moderately wounded.
The goblin hits you with a +0 dagger.
You hit the goblin but do no damage.
The goblin is moderately wounded.
The goblin hits you with a +0 dagger.
You miss the goblin.
The goblin is moderately wounded.
The goblin hits you with a +0 dagger.
* * * LOW HITPOINT WARNING * * *
You barely miss the goblin.
The goblin is moderately wounded.
The goblin hits you with a +0 dagger.
You die...

.#
.#########..#
## .# .
........# .#
.####...#####.#
.# #.#>......#
.# #.#.#######
.# #.#)# .#
..#.# .# # #.#
.# #@# #g# #.#
#.. ###


You could see a goblin.

Vanquished Creatures
  A kobold (D:1)
1 creature vanquished.

Notes
Turn   | Place    | Note
-------+----------+-------------------------------------------
     0 | D:1      | Hubjo the Vampire Enchanter began the quest for the Orb.
     0 | D:1      | Reached XP level 1. HP: 13/13 MP: 3/3
    63 | D:1      | Slain by a goblin

Illustrated notes

Levels and vault maps discovered:
D:1:      saegor_arrival_simple_d, layout_basic,
          shapermc_ecumenical_altar_mp_highgroup, minmay_pentomino_r4

Action                   || total
-------------------------++-------
Melee: Dagger            ||     6
 Abil: Exsanguinate      ||     1
 Stab: Sleeping          ||     1

Table legend: (Time is in decaauts)
 A = Elapsed time spent in this place.
 B = Non-inter-level travel time spent in this place.
 C = Inter-level travel time spent in this place.
 D = Time resting spent in this place.
 E = Time spent auto-exploring this place.
 F = Levels seen in this place.
 G = Mean time per level.
                   A        B        C        D        E       F      G
               +--------+--------+--------+--------+--------+-----+--------+
         Total |     63 |     58 |      5 |      0 |     32 |   1 |   63.0 |
       Dungeon |     63 |     58 |      5 |      0 |     32 |   1 |   63.0 |
               +--------+--------+--------+--------+--------+-----+--------+

Top non-repeatable levels by time:
     D:1: 63 daAuts
